 Dungeon Crawl Stone Soup version 0.30-a0-359-gd0147acb1a (webtiles) character file.

Game seed: 15942360364921664971

21188 NinjaNoafa the Cleaver (level 12, -1/104 HPs)
             Began as a Minotaur Fighter on Nov 11, 2022.
             Was a High Priest of Uskayaw.
             Slain by a water moccasin (4 damage)
             ... on level 5 of the Lair of Beasts.
             The game lasted 00:25:57 (13205 turns).

NinjaNoafa the Cleaver (Minotaur Fighter)          Turns: 13205, Time: 00:25:57

Health: -1/104     AC: 21    Str: 31    XL:     12   Next: 52%
Magic:  15/21      EV:  7    Int:  5    God:    Uskayaw [*****.]
Gold:   227        SH:  5    Dex: 11    Spells: 11/11 levels left

rFire   + . .      SeeInvis .    a - +0 war axe
rCold   . . .      Faith    +    c - +0 buckler
rNeg    . . .      Spirit   .    E - +0 plate armour
rPois   +          Reflect  .    (helmet restricted)
rElec   +          Harm     .    (no cloak)
rCorr   .          Rampage  .    V - +0 pair of gloves "Puli" {-Cast rElec rF+}
Will    .....      NoCast   +    y - +0 pair of boots
Stlth   ..........               R - amulet of faith
HPRegen 0.37/turn                w - +4 ring of protection
MPRegen 0.17/turn                W - +6 ring of strength

@: very slow
A: horns 2, retaliatory headbutt, poison resistance, shaggy fur 1
a: Renounce Religion, Stomp, Line Pass, Grand Finale


You were on level 5 of the Lair of Beasts.
You worshipped Uskayaw.
Uskayaw was pleased with you.
You visited 3 branches of the dungeon, and saw 16 of its levels.

You collected 826 gold pieces.
You spent 599 gold pieces at shops.

Inventory:

Hand Weapons
 a - a +0 war axe (weapon)
Missiles
 e - 2 silver boomerangs
 f - 106 stones
 z - 19 poisoned darts (quivered)
 G - a throwing net
 J - 8 boomerangs
Armour
 c - a +0 buckler (worn)
 y - a +0 pair of boots (worn)
 E - a +0 plate armour (worn)
 V - the +0 pair of gloves "Puli" (worn) {-Cast rElec rF+}
   (You found it on level 10 of the Dungeon)

   rF:        It protects you from fire.
   rElec:     It insulates you from electricity.
   -Cast:     It prevents spellcasting.
Jewellery
 b - a ring of protection from fire
 n - a ring of resist corrosion
 w - a +4 ring of protection (left hand)
 R - an amulet of faith (around neck)
 W - a +6 ring of strength (right hand)
Wands
 q - a wand of charming (5)
 F - a wand of digging (12)
 K - a wand of iceblast (18)
 N - a wand of polymorph (9)
 U - a wand of flame (3)
Scrolls
 i - a scroll of brand weapon {unknown}
 l - 2 scrolls of magic mapping
 m - 2 scrolls of noise
 r - a scroll of vulnerability {unknown}
 s - 2 scrolls of fog
 u - a scroll of fear {unknown}
 v - 2 scrolls of blinking
 A - a scroll of immolation {unknown}
 I - 4 scrolls of amnesia
 P - 2 scrolls of silence {unknown}
 S - 2 scrolls of enchant weapon
Potions
 d - a potion of cancellation
 g - 3 potions of attraction
 h - 4 potions of invisibility
 j - a potion of magic
 k - 2 potions of berserk rage
 t - 3 potions of curing
 x - 2 potions of flight
 C - 2 potions of brilliance
 H - a potion of resistance
 L - 2 potions of mutation
 O - 2 potions of degeneration
 Q - 2 potions of might
Miscellaneous
 M - a piece from Xom's chessboard (15/15)


   Skills:
 - Level 9.0 Fighting
 - Level 14.0 Axes
 - Level 9.0 Armour
 - Level 7.0 Shields
 + Level 13.9 Invocations


You had 11 spell levels left.
You didn't know any spells.
Your spell library contained the following spells:

 Spells                   Type           Power      Damage    Failure   Level
 Beastly Appendage        Tmut           0%         N/A       99%         1
 Magic Dart               Conj           0%         1d3       99%         1
 Summon Small Mammal      Summ           0%         N/A       99%         1
 Call Imp                 Summ           0%         N/A       100%        2
 Wereblood                Tmut           0%         N/A       100%        2
 Call Canine Familiar     Summ           0%         N/A       100%        3
 Dazzling Flash           Conj/Hex       0%         N/A       100%        3
 Gell's Gravitas          Tloc           0%         N/A       100%        3
 Ignite Poison            Fire/Tmut/Pois 0%         N/A       100%        3
 Kindle Blastsparks       Fire/Tloc/Air  0%         2d10      100%        3
 Mephitic Cloud           Conj/Pois/Air  0%         N/A       100%        3
 Ozocubu's Armour         Ice            0%         N/A       100%        3
 Portal Projectile        Hex/Tloc       0%         N/A       100%        3
 Summon Guardian Golem    Hex/Summ       0%         N/A       100%        3
 Teleport Other           Tloc           0%         N/A       100%        3
 Tukima's Dance           Hex            0%         N/A       100%        3
 Vhi's Electric Charge    Tloc/Air       0%         N/A       100%        3
 Cause Fear               Hex            0%         N/A       100%        4
 Iskenderun's Mystic Bla  Conj/Tloc      0%         2d3       100%        4
 Leda's Liquefaction      Hex/Erth       0%         N/A       100%        4
 Passage of Golubria      Tloc           0%         N/A       100%        4
 Summon Ice Beast         Ice/Summ       0%         N/A       100%        4
 Arcjolt                  Conj/Air       0%         1d10      100%        5
 Freezing Cloud           Conj/Ice/Air   0%         6-21      100%        5
 Yara's Violent Unravell  Hex/Tmut       0%         3d3       100%        5
 Dispersal                Tloc           0%         N/A       100%        6
 Starburst                Conj/Fire      0%         6d3       100%        6
 Dragon Form              Tmut           0%         N/A       100%        7
 Ozocubu's Refrigeration  Ice            0%         4d7       100%        7
 Maxwell's Capacitive Co  Air            0%         ∞         100%        8
 Necromutation            Tmut/Necr      0%         N/A       100%        8
 Dragon's Call            Summ           0%         N/A       100%        9


Dungeon Overview and Level Annotations

Branches:
Dungeon (10/15)            Temple (1/1) D:6            Lair (5/5) D:8
 Shoals (0/4) Lair:2       Spider (0/4) Lair:3        Slime (0/5) Lair:5
    Orc: D:9-12

Altars:
Ashenzari
Cheibriados
Dithmenos
Elyvilon
Fedhas
Gozag
Hepliaklqana
Kikubaaqudgha
Makhleb
Nemelex Xobeh
Okawaru
Qazlal
Ru
Sif Muna
Trog
Uskayaw
Vehumet
Wu Jian
Xom
Yredelemnul
Zin
The Shining One
Jiyva

Shops:
D:4 =**?(

Annotations:
D:8 6 transporters
D:9 3 runed translucent doors, Encipher's ghost, novice GrRe


Innate Abilities, Weirdness & Mutations

You have a pair of horns on your head.
You reflexively headbutt those who attack you in melee.
Your system is resistant to poisons. (rPois)
You are covered in fur. (AC +1)


Message History

Your unstable footing causes you to fumble your attack.
The yak is no longer sharing its pain.
The blink frog barely misses you.
The elephant tramples you but does no damage.
The elephant trunk-slaps you but does no damage.
The blink frog hits you but does no damage.
You hit the elephant but do no damage.
The elephant is severely wounded.
You hit the blink frog. You slash the blink frog!
You kill the blink frog!
The blink frog seems less confused.
The yak seems less confused.
The elephant tramples you but does no damage.
The elephant trunk-slaps you but does no damage.
The cane toad stings you!
* * * LOW HITPOINT WARNING * * *
The blink frog barely misses you. You furiously retaliate!
You headbutt the blink frog!
You can now merge with and destroy a victim.
Your unstable footing causes you to fumble your attack.
The elephant is no longer sharing its pain.
The cane toad stings you but does no damage.
The blink frog hits you but does no damage.
You block the elephant's attack.
The elephant trunk-slaps you but does no damage.
The air fills with toxic fumes!
As you read the scroll of poison, it crumbles to dust.
The blink frog hits you but does no damage.
The blink frog is engulfed in poison gas.
The blink frog is poisoned.
The cane toad stings you but does no damage.
The elephant tramples you but does no damage.
The elephant closely misses you. Why would you want to do that?
The elephant attacks as you move away! The elephant tramples you!
* * * LOW HITPOINT WARNING * * *
The elephant trunk-slaps you but does no damage.
The blink frog hits you.
* * * LOW HITPOINT WARNING * * *
The blink frog looks even sicker.
The elephant is engulfed in poison gas.
The elephant is poisoned. x2; The water moccasin bites you.
You die...

,*,,,..#..................[.##Yh.
,,*,<.♣#§§§§§§§§§§§§§§§.....*#...
,*,,,...§§§.§§§§§§§§§§§..........
,**,*,*.§§§§§§§§§§#§§§§...#..P...
,,*,,**.§§§§§§§§§§§§§§§..........
,,,,,,,.§§§§§#§§§§§§§§§..........
,,,,,,,.§§§§§§§§§§§§§§§..........
,,,,,,,.§§§§§§Y§F§§§§§§........P.
,,,,,,,.§§§§§§§S@§§§§§§..........
,,,,,,,.§§§§§§≈F§§§§§§§........P.
,,,,,,,.§§§§h§§§§§§§§§§..........
,,,,,,,.§§§§YY§hF§§§§§§........P.
,,,,,,,.§§§≈§§§§§§§§§§§........P.
.,,,,,,.§§Y§~§§§§§§§P§§..........
...F....§§§§§~§§§§§§§§§........P.
.....Y..Y§§§§§§§§§§§§§§>.........
Y...........~~≈≈~......_.........


You could see 3 elephants, a yak, a cane toad, 2 blink frogs, a water moccasin
and 2 wolves.

Vanquished Creatures
  3 boulder beetles
  A fire crab (Lair:1)
  Pikel (D:5)
  3 black mambas
  7 elephants
  Joseph (Lair:1)
  8 cane toads
  3 komodo dragons
  2 polar bears
  10 blink frogs
  A hornet (D:8)
  A slime creature (Lair:1)
  2 wraiths (D:10)
  13 yaks (Lair:3)
  A wyvern (Lair:3)
  A basilisk (Lair:2)
  2 steam dragons
  Menkaure (D:5)
  2 acid dragons (D:9)
  Duvessa (D:5)
  9 water moccasins
  3 ice beasts
  3 black bears
  An ogre (D:6)
  3 centaurs
  2 wolves (Lair:5)
  2 phantoms
  3 kobold brigands
  Blork the orc (D:6)
  11 bullfrogs
  4 necrophages
  A gnoll sergeant (D:10)
  9 scorpions
  10 wights
  Dowan (D:5)
  3 howler monkeys
  3 hounds
  2 orc priests
  A gnoll bouda (D:6)
  8 jellies
  5 iguanas
  5 hell rats (Lair:4)
  6 orc wizards
  12 gnolls
  3 adders
  13 white imps
  3 worms
  2 dart slugs
  27 orcs
  2 bats
  19 endoplasms
  3 giant cockroaches
  8 hobgoblins
  23 kobolds
  2 quokkas
  8 ball pythons
  2 frilled lizards (D:2)
  8 goblins
  7 rats
  2 rat zombies (D:5)
304 creatures vanquished.

Vanquished Creatures (collateral kills)
  Nergalle (Lair:1)
  A cane toad (Lair:3)
2 creatures vanquished.

Vanquished Creatures (others)
  15 fungi
  28 plants
43 creatures vanquished.

Grand Total: 349 creatures vanquished

Notes
Turn   | Place    | Note
-------+----------+-------------------------------------------
     0 | D:1      | NinjaNoafa the Minotaur Fighter began the quest for the
                  | Orb.
     0 | D:1      | Reached XP level 1. HP: 19/19 MP: 0/0
   141 | D:1      | Reached skill level 3 in Axes
   143 | D:1      | You fall into a shaft and drop 1 floor!
   187 | D:2      | Reached XP level 2. HP: 26/26 MP: 1/1
   598 | D:1      | Reached skill level 4 in Axes
   901 | D:2      | Found a faded altar of an unknown god.
   959 | D:2      | Reached XP level 3. HP: 31/31 MP: 2/2
  1038 | D:2      | Reached skill level 5 in Axes
  1117 | D:2      | Reached XP level 4. HP: 33/39 MP: 3/3
  1251 | D:3      | Found a shadowy altar of Dithmenos.
  1292 | D:3      | Identified the +8 sling "Dragon's Tongue" {freeze, rN+
                  | Int+2}
  1429 | D:3      | Found a stormy altar of Qazlal.
  1793 | D:3      | Reached skill level 6 in Axes
  1849 | D:4      | Found Zasel's Magic Scroll Shoppe.
  1864 | D:4      | Bought a scroll of enchant armour for 97 gold pieces
  1864 | D:4      | Bought a scroll of identify for 26 gold pieces
  1965 | D:4      | Found Gicos's Antique Weapon Boutique.
  1991 | D:4      | Noticed a necrophage
  1996 | D:4      | Killed a necrophage
  1997 | D:4      | Reached XP level 5. HP: 38/45 MP: 4/4
  2032 | D:4      | Found Nikesk's Assorted Antiques.
  2040 | D:4      | Reached skill level 7 in Axes
  2053 | D:4      | Bought a scroll of identify for 52 gold pieces
  2522 | D:4      | Found an iron altar of Okawaru.
  2582 | D:4      | Found a burning altar of Makhleb.
  2588 | D:4      | Reached XP level 6. HP: 48/51 MP: 5/5
  2620 | D:4      | Reached skill level 8 in Axes
  2859 | D:4      | Found Uxek Aff's General Store.
  2878 | D:4      | Bought a scroll of identify for 28 gold pieces
  2896 | D:4      | Found Heamoq's Jewellery Boutique.
  2909 | D:5      | Entered Level 5 of the Dungeon
  2945 | D:5      | Noticed Pikel
  2964 | D:5      | Killed Pikel
  2965 | D:5      | Reached skill level 9 in Axes
  2965 | D:5      | Reached skill level 5 in Fighting
  2965 | D:5      | Reached skill level 5 in Armour
  2965 | D:5      | Reached XP level 7. HP: 60/61 MP: 6/6
  3028 | D:5      | Got the Handbook of Lithic Moulding
  3231 | D:5      | Noticed Menkaure
  3240 | D:5      | Killed Menkaure
  3241 | D:5      | Reached XP level 8. HP: 65/70 MP: 7/7
  3257 | D:5      | Noticed Duvessa
  3257 | D:5      | Noticed Dowan
  3269 | D:5      | Killed Duvessa
  3272 | D:5      | Killed Dowan
  3820 | D:5      | Found an ancient bone altar of Kikubaaqudgha.
  4203 | D:6      | Reached skill level 10 in Axes
  4544 | D:6      | Reached skill level 11 in Axes
  4681 | D:6      | Reached XP level 9. HP: 79/79 MP: 8/8
  4862 | D:6      | Identified the +7 rapier of Conscience {freeze, Drain rF+
                  | rN+ Int+3}
  4955 | D:6      | Found a shimmering altar of Xom.
  4963 | D:6      | Noticed Blork the orc
  4968 | D:6      | Killed Blork the orc
  4969 | D:6      | Reached skill level 12 in Axes
  5017 | D:6      | Found a staircase to the Ecumenical Temple.
  5237 | Temple   | Entered the Ecumenical Temple
  5262 | Temple   | Became a worshipper of Uskayaw the Reveller
  5446 | D:7      | Reached * piety under Uskayaw
  5486 | D:7      | Reached ** piety under Uskayaw
  5828 | D:7      | Reached skill level 13 in Axes
  6154 | D:7      | Found a hazy altar of Hepliaklqana.
  6223 | D:7      | Found a glowing silver altar of Zin.
  6671 | D:8      | Found a transporter.
  6676 | D:8      | Found a transporter.
  6739 | D:8      | Found a staircase to the Lair.
  6876 | D:8      | Reached *** piety under Uskayaw
  6939 | D:8      | Reached skill level 14 in Axes
  6944 | D:8      | Reached **** piety under Uskayaw
  6945 | D:8      | Reached skill level 1 in Invocations
  6997 | D:8      | Found a transporter.
  6998 | D:8      | Found a transporter.
  7050 | D:8      | Found a transporter.
  7122 | D:8      | Found a transporter.
  7205 | D:8      | Found a sacrificial altar of Ru.
  7379 | D:9      | Found a radiant altar of Vehumet.
  7566 | D:9      | Found a snail-covered altar of Cheibriados.
  7611 | D:9      | Reached XP level 10. HP: 74/86 MP: 12/12
  7715 | D:9      | Found a runed translucent gate.
  7719 | D:9      | Found a runed translucent gate.
  7719 | D:9      | Found a runed translucent gate.
  7720 | D:9      | Noticed an 11-headed hydra
  7721 | D:9      | Noticed Encipher's ghost (novice GrRe)
  7845 | D:9      | Found a sparkling altar of Nemelex Xobeh.
  8012 | D:10     | Entered Level 10 of the Dungeon
  8043 | D:10     | Reached skill level 5 in Invocations
  8150 | D:10     | Found a glowing golden altar of the Shining One.
  8230 | D:10     | Identified the +0 pair of gloves "Puli" {-Cast rElec rF+}
  8358 | D:10     | Noticed a boulder beetle
  8381 | D:10     | Killed a boulder beetle
  8382 | D:10     | Reached skill level 5 in Shields
  8462 | D:10     | Reached ***** piety under Uskayaw
  8752 | D:4      | Bought a +6 ring of strength for 396 gold pieces
  8861 | Lair:1   | Entered Level 1 of the Lair of Beasts
  8907 | Lair:1   | Noticed Joseph
  8916 | Lair:1   | Killed Joseph
  9080 | Lair:1   | Noticed Nergalle
  9090 | Lair:1   | Noticed a spectral orc warlord
  9091 | Lair:1   | Killed Nergalle
  9299 | Lair:1   | Gained mutation: You are covered in fur. (AC +1) [potion of
                  | mutation]
  9299 | Lair:1   | Gained mutation: Your system is resistant to poisons.
                  | (rPois) [potion of mutation]
  9445 | Lair:1   | Noticed a cane toad
  9451 | Lair:1   | Killed a cane toad
  9634 | Lair:1   | Noticed a fire crab
  9646 | Lair:1   | Killed a fire crab
 10253 | Lair:2   | Noticed an elephant
 10253 | Lair:2   | Noticed an elephant
 10253 | Lair:2   | Noticed an elephant
 10253 | Lair:2   | Noticed an elephant
 10253 | Lair:2   | Noticed an elephant
 10253 | Lair:2   | Noticed an elephant
 10262 | Lair:1   | Killed an elephant
 10263 | Lair:1   | Reached XP level 11. HP: 95/95 MP: 15/15
 10413 | Lair:2   | Found a staircase to the Shoals.
 10654 | Lair:2   | Got Miwk's Handbook of Frore Evolution
 11697 | Lair:3   | Noticed a boulder beetle
 11707 | Lair:3   | Found a hole to the Spider Nest.
 11722 | Lair:3   | Reached ****** piety under Uskayaw
 11736 | Lair:3   | Killed a boulder beetle
 11810 | Lair:3   | Reached skill level 10 in Invocations
 12091 | Lair:3   | Reached XP level 12. HP: 104/104 MP: 19/19
 12982 | Lair:4   | Noticed a boulder beetle
 13001 | Lair:4   | Killed a boulder beetle
 13097 | Lair:4   | You fall into a shaft and drop 1 floor!
 13097 | Lair:5   | Entered Level 5 of the Lair of Beasts
 13115 | Lair:5   | Noticed a death yak
 13115 | Lair:5   | Noticed a death yak
 13117 | Lair:5   | Noticed a death yak
 13118 | Lair:5   | Noticed a death yak
 13121 | Lair:5   | Noticed a death yak
 13121 | Lair:5   | Noticed a death yak
 13122 | Lair:5   | Noticed a death yak
 13122 | Lair:5   | Noticed a death yak
 13122 | Lair:5   | Noticed a death yak
 13122 | Lair:5   | Noticed a death yak
 13162 | Lair:5   | Found a viscous altar of Jiyva.
 13166 | Lair:5   | Found a staircase to the Slime Pits.
 13205 | Lair:5   | HP: 3/104 [elephant (7)]
 13205 | Lair:5   | Slain by a water moccasin

Illustrated notes

Levels and vault maps discovered:
D:1:      co_arrival_square_in_a_square_in_a_square, layout_basic
D:2:      layout_loops_cross, hellmonk_ecumenical_altar_leap_of_faith
D:3:      kennysheep_big_flooded_room, layout_basic,
          nicolae_dithmenos_shadow_blocks, nicolae_qazlal_eye_of_the_storm,
          minmay_fractal_squares_gapless_5
D:4:      layout_basic, lightli_temple_of_fire, mainiacjoe_overflow_boulevard,
          serial_shops, nicolae_shop_temple_entry_statues_fountains, shop,
          kennysheep_mini, nicolae_shop_window_shopping, shop, kennysheep_path_1
D:5:      layout_basic, lemuel_zombie_altar_kikubaaqudgha,
          roderic_roman_lattice, lexackson_kobold_supper, uniq_menkaure,
          uniq_duvessa, uniq_pikel
D:6:      layout_basic, xom_butterflies, minmay_temple_entry_antechambers,
          uniq_blork_the_orc
D:7:      layout_layer_cave, kennysheep_little_box, zin_academy,
          hangedman_decor_slide_cut
D:8:      layout_basic, nicolae_ru_great_annihilating_truth, lair_entry_dummy,
          serial_nicolae_subway, nicolae_sub_station_metal,
          nicolae_sub_station_stone, nicolae_sub_station_crystal
D:9:      layout_cave_pools, mainiacjoe_overflow_paths,
          nicolae_vehumet_radiance, mainiacjoe_overflow_alcove_2,
          gammafunk_ghost_hydra_chop, corexii_corridor_pit
D:10:     layout_basic, tso_metal_star
Temple:   jpeg_temple_island
Lair:1:   lemuel_slime, layout_cellular_growth, portal_ice_cave_entry_imps,
          uniq_nergalle, uniq_joseph
Lair:2:   layout_small_grid, shoals_dummy_entry, serial_bayou_pond_c,
          hibernation_bobbens
Lair:3:   layout_gridlike, nicolae_spider_entry_non_spiders, grunt_megastairs_3
Lair:4:   layout_cave_shapes
Lair:5:   hellmonk_lair_end_abyssal_woods, layout_long_grid, slime_entry_1,
          fungi_pond_lemuel, grunt_megastairs_2, lemuel_fruit_fields,
          infiniplex_staircase_pool_2

Skill      XL: |  1  2  3  4  5  6  7  8  9 10 11 12 |
---------------+-------------------------------------+-----
Axes           | 3 4 5 6 7 9 11 14 | 14.0
Fighting       | 5 6 7 8 9 |  9.0
Armour         | 5 6 7 8 9 |  9.0
Invocations    | 4 7 11 13 | 13.9
Shields        | 6 7 |  7.0

Action                   |  1- 3 |  4- 6 |  7- 9 | 10-12 || total
-------------------------+-------+-------+-------+-------++-------
Melee: War axe           |    60 |    91 |   249 |   351 ||   751
       Headbutt          |     8 |    10 |    48 |    79 ||   145
Throw: Dart              |       |       |       |    14 ||    14
Invok: Stomp             |       |       |       |     1 ||     1
       Line Pass         |       |       |       |     1 ||     1
  Use: Scroll            |       |    11 |     2 |    17 ||    30
       Potion            |       |     1 |       |    13 ||    14
 Stab: Paralysed         |       |       |     5 |    73 ||    78
Armor: Scale mail        |     9 |       |       |       ||     9
       Chain mail        |    14 |    71 |   173 |    53 ||   311
       Plate armour      |       |       |       |   261 ||   261
Dodge: Dodged            |    17 |    28 |    88 |   145 ||   278
Block: Buckler           |    11 |    22 |    53 |   121 ||   207

Table legend: (Time is in decaauts)
 A = Elapsed time spent in this place.
 B = Non-inter-level travel time spent in this place.
 C = Inter-level travel time spent in this place.
 D = Time resting spent in this place.
 E = Time spent auto-exploring this place.
 F = Levels seen in this place.
 G = Mean time per level.
                   A        B        C        D        E       F      G
               +--------+--------+--------+--------+--------+-----+--------+
         Total |  13162 |  12418 |    744 |      0 |  10174 |  16 |  822.6 |
       Dungeon |   8834 |   8288 |    546 |      0 |   6707 |  10 |  883.4 |
        Temple |     41 |     25 |     16 |      0 |      0 |   1 |   41.0 |
          Lair |   4286 |   4105 |    181 |      0 |   3467 |   5 |  857.2 |
               +--------+--------+--------+--------+--------+-----+--------+

Top non-repeatable levels by time:
  Lair:1: 1526 daAuts
     D:5: 1338 daAuts
  Lair:2: 1249 daAuts
     D:7: 1245 daAuts
     D:6: 1245 daAuts
     D:4: 1096 daAuts
  Lair:3: 1008 daAuts
     D:8: 745 daAuts
     D:9: 693 daAuts
     D:2: 679 daAuts
     D:3: 631 daAuts
    D:10: 603 daAuts
     D:1: 555 daAuts
  Lair:4: 412 daAuts
  Lair:5: 90 daAuts
